Map: Lightshade LE

Players

Stats

  • Race: Protoss Protoss
  • League: Master
  • Spawn Location: 11:00

DPGZest (Zest) - Winner!

  • Race: Protoss Protoss
  • League: Master
  • Spawn Location: 5:00

Event: StayAtHome Story Cup #3

VOD

Have the link to the VOD?

Description

Time

  • Played on: March 13, 2021, 11:21 a.m.
  • Length: 9:53

All games in this series

Show
View Real Time Build Order
Export as new Build Order

Stats Protoss 

Build Orders: Oracle Opening, Phoenix Opening 

Get SALT Encoding   

  12  0:00  Probe  
  13  0:12  Probe  
  14  0:17  Pylon  
  14  0:24  Probe (Chrono Boost)  
  15  0:36  Probe (Chrono Boost)  
  15  0:37  Gateway  
  16  0:44  Probe (Chrono Boost)  
  16  0:46  Assimilator  
  17  0:51  Probe  
  17  0:55  Assimilator  
  18  1:03  Probe (Chrono Boost)  
  19  1:08  Gateway  
  19  1:14  Probe (Chrono Boost)  
  20  1:19  Probe (Chrono Boost)  
  20  1:24  Cybernetics Core  
  21  1:29  Probe  
  22  1:35  Pylon  
  22  1:41  Probe  
  23  1:53  Probe  
  24  2:01  Stalker x2  
  24  2:03  Warp Gate  
  24  2:07  Probe  
  29  2:15  Pylon  
  29  2:25  Pylon  
  29  2:31  Stargate  
  29  2:45  Sentry  
  31  2:55  Nexus  
  31  3:00  Shield Battery  
  31  3:07  Probe  
  31  3:11  Oracle (Chrono Boost)  
  32  3:19  Probe  
  36  3:23  Phoenix (Chrono Boost)  
  36  3:24  Pylon  
  36  3:31  Probe  
  37  3:36  Twilight Council  
  37  3:43  Probe  
  38  3:55  Probe  
  39  4:06  Stalker x2  
  39  4:08  Probe x2 (Chrono Boost)  
  42  4:14  Blink (Chrono Boost)  
  42  4:20  Probe x2 (Chrono Boost)  
  41  4:28  Probe x2 (Chrono Boost)  
  40  4:34  Probe (Chrono Boost)  
  40  4:35  Probe (Chrono Boost)  
  41  4:43  Stalker  
  41  4:44  Stalker  
  46  4:46  Probe (Chrono Boost)  
  46  4:51  Probe (Chrono Boost)  
  47  4:53  Probe (Chrono Boost)  
  47  4:58  Probe  
  49  5:10  Probe x2, Pylon  
  49  5:13  Stalker x2  
  55  5:17  Assimilator  
  55  5:22  Probe x2  
  55  5:23  Forge  
  57  5:32  Dark Shrine  
  57  5:33  Gateway  
  57  5:35  Probe x2  
  59  5:44  Stalker x2  
  59  5:49  Gateway, Protoss Ground Weapons Level 1  
  63  5:51  Probe  
  63  5:52  Probe  
  65  6:15  Probe x2  
  65  6:18  Nexus  
  63  6:21  Stalker  
  63  6:22  Stalker  
  67  6:27  Pylon  
  67  6:33  Pylon  
  67  6:36  Probe x2  
  69  6:41  Pylon  
  69  6:48  Probe x2, Dark Templar  
  69  6:49  Dark Templar  
  75  7:06  Stalker x2  
  79  7:11  Probe x2  
  71  7:23  Probe x2  
  71  7:25  Stalker x2  
  73  7:31  Gateway x2  
  73  7:32  Gateway  
  73  7:34  Charge (Chrono Boost)  
  73  7:35  Gateway, Dark Templar  
  74  7:37  Dark Templar  
  74  7:42  Probe x3  
  75  7:45  Stalker  
  75  7:47  Shield Battery  
  75  7:50  Shield Battery  
  75  7:52  Gateway  
  75  7:57  Stalker  
  77  7:59  Shield Battery  
  77  8:05  Pylon  
  77  8:09  Stalker  
  77  8:10  Stalker  
  81  8:25  Stalker  
  83  8:30  Zealot x4  
  86  8:35  Probe x3  
  86  8:37  Stalker x2  
  93  8:47  Probe x3  
  91  8:51  Stalker x2  
  95  8:59  Zealot x3  
  101  9:09  Pylon  
  101  9:11  Templar Archives  
  101  9:17  Pylon  
  101  9:25  Nexus  
  101  9:28  Robotics Facility  
  101  9:36  Zealot x5  
  107  9:42  Zealot x2  
Show
View Real Time Build Order
Export as new Build Order

DPGZest Protoss - Winner!

Build Orders: Oracle Opening 

Get SALT Encoding   

  12  0:00  Probe  
  13  0:12  Probe  
  14  0:17  Pylon  
  14  0:24  Probe (Chrono Boost)  
  15  0:36  Probe (Chrono Boost)  
  15  0:37  Gateway  
  16  0:44  Probe (Chrono Boost)  
  16  0:45  Assimilator  
  17  0:51  Probe  
  18  1:03  Probe (Chrono Boost)  
  19  1:04  Assimilator  
  19  1:10  Gateway  
  19  1:12  Probe (Chrono Boost)  
  19  1:17  Probe (Chrono Boost)  
  20  1:24  Cybernetics Core  
  21  1:29  Probe  
  22  1:35  Pylon  
  22  1:41  Probe  
  23  1:53  Probe  
  24  2:00  Stalker x2  
  28  2:01  Warp Gate  
  28  2:12  Pylon  
  28  2:26  Stargate  
  28  2:45  Nexus  
  28  2:48  Probe  
  29  2:52  Sentry  
  29  2:58  Shield Battery  
  31  3:07  Probe  
  31  3:08  Oracle (Chrono Boost)  
  35  3:17  Pylon  
  35  3:22  Probe  
  36  3:34  Probe  
  37  3:36  Oracle (Chrono Boost)  
  40  3:46  Probe  
  41  3:58  Probe x2  
  43  4:07  Stalker  
  43  4:08  Stalker  
  47  4:10  Probe  
  48  4:18  Probe (Chrono Boost)  
  50  4:25  Probe (Chrono Boost)  
  50  4:26  Twilight Council  
  50  4:30  Probe (Chrono Boost)  
  51  4:37  Probe (Chrono Boost)  
  51  4:38  Probe (Chrono Boost), Stalker  
  53  4:39  Stalker  
  53  4:41  Pylon  
  53  4:44  Probe  
  58  4:46  Probe  
  58  4:48  Forge  
  59  4:56  Probe, Assimilator  
  59  4:58  Probe  
  61  5:02  Blink (Chrono Boost)  
  61  5:04  Pylon  
  61  5:12  Protoss Ground Weapons Level 1 (Chrono Boost)  
  61  5:16  Nexus  
  61  5:27  Pylon  
  61  5:30  Probe x2  
  63  5:38  Assimilator  
  63  5:40  Gateway x2  
  63  5:50  Probe  
  63  5:51  Probe, Stalker x2  
  69  6:00  Robotics Facility  
  69  6:03  Probe x2  
  68  6:15  Probe  
  68  6:16  Probe  
  68  6:27  Probe  
  68  6:28  Probe, Pylon  
  68  6:31  Probe  
  71  6:37  Stalker x2  
  71  6:38  Stalker x2  
  79  6:40  Probe  
  79  6:41  Probe  
  79  6:43  Probe  
  79  6:44  Warp Prism (Chrono Boost)  
  82  6:51  Pylon  
  82  6:53  Probe x2  
  86  6:55  Probe  
  86  6:57  Protoss Ground Weapons Level 2 (Chrono Boost)  
  87  7:02  Stalker x4  
  95  7:13  Observer (Chrono Boost)  
  91  7:26  Stalker  
  91  7:27  Stalker x3  
  89  7:46  Probe x2 (Chrono Boost)  
  92  7:52  Charge (Chrono Boost)  
  92  7:53  Probe (Chrono Boost)  
  92  7:55  Probe (Chrono Boost)  
  92  7:56  Gateway  
  92  7:58  Probe (Chrono Boost), Gateway  
  93  7:59  Gateway  
  93  8:00  Gateway  
  94  8:09  Probe  
  94  8:10  Probe x2  
  97  8:15  Immortal  
  97  8:17  Stalker  
  101  8:28  Photon Cannon  
  101  8:38  Zealot  
  101  8:39  Zealot x2  
  105  8:51  Photon Cannon  
  105  8:55  Probe, Pylon  
  105  8:56  Probe x2  
  105  8:57  Pylon  
  105  8:59  Pylon, Zealot x4  
  105  9:02  Pylon  
  116  9:04  Pylon  
  116  9:10  Gateway  
  116  9:12  Gateway  
  116  9:14  Zealot x4  
  124  9:17  Pylon  
  124  9:20  Dark Shrine  
  124  9:31  Zealot x4  
  124  9:37  Zealot x4  
Tags
 
Add a new tag
Caveats
  • Supply blocks, unpowered buildings, or Contaminate may cause inaccurate times.
  • Supply counts are checked every 10 seconds.